 Dungeon Crawl Stone Soup version 0.26.1-11-gd32895ea62 (webtiles) character file.

Game seed: 4373387832412670886

56 Descartes the Magician (level 3, 0/19 HPs)
             Began as a Deep Elf Hedge Wizard on Apr 19, 2021.
             Slain by a worker ant (2 damage)
             ... on level 4 of the Dungeon.
             The game lasted 00:01:51 (1230 turns).

Descartes the Magician (Deep Elf Hedge Wizard)      Turns: 1230, Time: 00:01:52

Health: 0/19       AC:  2    Str:  4 (7)  XL:     3   Next: 71%
Magic:  1/11       EV: 12    Int: 16 (19) God:
Gold:   38         SH:  0    Dex: 12 (14) Spells: 11/12 levels left

rFire    . . .     SeeInvis .   a - +0 dagger
rCold    . . .     Faith    .   (no shield)
rNeg     . . .     Spirit   .   b - +0 robe
rPois    .         Reflect  .   c - +0 hat
rElec    .         Harm     .   (no cloak)
rCorr    .         Rampage  .   (no gloves)
Will     .....                  (no boots)
Stlth    ++........             (no amulet)
HPRegen  0.06/turn              (no ring)
MPRegen  0.12/turn              (no ring)

@: mighty, lethally poisoned (0 -> -10)
A: no striking features
a: no special abilities


You were on level 4 of the Dungeon.
You visited 1 branch of the dungeon, and saw 3 of its levels.

You collected 38 gold pieces.

Inventory:

Hand Weapons
 a - a +0 dagger (weapon)
Missiles
 e - 37 stones
 k - 23 bolts
 l - 41 sling bullets
 o - 47 arrows
Armour
 b - a +0 robe (worn)
 c - a +0 hat (worn)
Scrolls
 g - 4 scrolls of noise {unknown}
 h - a scroll of magic mapping {unknown}
 i - 2 scrolls of blinking {unknown}
 m - a scroll of teleportation {unknown}
 n - 2 scrolls of identify {unknown}
 p - 2 scrolls of amnesia {unknown}
 q - 2 scrolls of remove curse {unknown}
Potions
 j - a potion of curing {unknown}


   Skills:
 - Level 2.4 Dodging
 - Level 2.4 Stealth
 - Level 5.0 Spellcasting
 + Level 3.6 Conjurations
 - Level 1.1 Summonings
 - Level 1.1 Translocations


You had 11 spell levels left.
You knew the following spells:

 Your Spells              Type           Power        Failure   Level
a - Magic Dart            Conj           60%          3%          1

Your spell library contained the following spells:

 Spells                   Type           Power        Failure   Level
 Blink                    Tloc           N/A          14%         2
 Call Imp                 Summ           7%           14%         2
 Slow                     Hex            4%           22%         2
 Conjure Flame            Conj/Fire      9%           22%         3
 Mephitic Cloud           Conj/Pois/Air  7%           28%         3


Dungeon Overview and Level Annotations

Branches:
Dungeon (2/15)

Altars:


Message History

Casting: Magic Dart (safe; 3% risk of failure)
Confirm with . or Enter, or press ? or * to list all spells.
Aiming: Magic Dart (safe; 3% risk of failure)
Press: ? - help, Shift-Dir - straight line, f/p - giant cockroach
Aim: a giant cockroach (almost dead, 0% to evade)
The magic dart hits the giant cockroach.
You kill the giant cockroach!
The worker ant misses you.
It was a potion of might.
You feel very mighty all of a sudden. The worker ant bites you.
* * * LOW HITPOINT WARNING * * *
You are lethally poisoned!
The worker ant poisons you!
It was a potion of degeneration.
There was something very wrong with that liquid.
You feel weakened.
You feel dopey.
You feel clumsy.
* * * LOW HITPOINT WARNING * * *
You feel sick. The worker ant bites you.
You die...

##.# #
#...
##$###..#
.
...[....#
..
#......###
##.# #.#.#
.... #..#
#..###.###
#...@B...#
####.#.#.#
#.##...#
#.# #.##
... ..#
#.# .# ..#
.# ### #


You could see a worker ant.

Vanquished Creatures
  A hound (D:4)
  A ball python (D:1)
  3 bats
  2 giant cockroaches
  4 goblins (D:1)
  2 hobgoblins
  A quokka (D:2)
  4 kobolds (D:1)
  8 rats
26 creatures vanquished.

Notes
Turn   | Place    | Note
-------+----------+-------------------------------------------
     0 | D:1      | Descartes the Deep Elf Hedge Wizard began the quest for the
                  | Orb.
     0 | D:1      | Reached XP level 1. HP: 10/10 MP: 7/7
   320 | D:1      | Reached XP level 2. HP: 15/15 MP: 4/9
   740 | D:1      | Reached skill level 5 in Spellcasting
  1210 | D:2      | You fall into a shaft and drop 2 floors!
  1221 | D:4      | Reached XP level 3. HP: 8/19 MP: 3/11
  1230 | D:4      | Slain by a worker ant

Illustrated notes

Levels and vault maps discovered:
D:1:      minmay_arrival_radiant_lines, layout_basic
D:2:      layout_loops_cross
D:4:      layout_loops_ring, nzn_wu_jian_contemplation, serial_shops,
          nicolae_shop_crystal, kennysheep_mini, shop, nicolae_shop_waterfront,
          shop_fountains, gup_ossuary_entry_pyramid

Skill      XL: |  1  2 |
---------------+-------+-----
Conjurations   | 3 |  3.6
Spellcasting   | 5 |  5.0
Dodging        | |  2.4
Stealth        | |  2.4
Summonings     | |  1.1
Translocations | |  1.1

Action                   || total
-------------------------++-------
 Cast: Magic Dart        ||    64
  Use: Potion            ||     2
Armor: Robe              ||     5
Dodge: Dodged            ||    12
